 Dungeon Crawl Stone Soup version 0.31-a0-163-gb40cd77e26 (webtiles) character file.

Game seed: 7327978465332695019

21 qw the Shooter (level 2, -1/17 HPs)
             Began as a Gargoyle Hunter on June 12, 2023.
             Slain by a kobold
             ... wielding a +0 short sword
              (3 damage)
             ... on level 1 of the Dungeon.
             The game lasted 00:00:11 (438 turns).

qw the Shooter (Gargoyle Hunter)                     Turns: 438, Time: 00:00:12

Health: -1/17      AC:  5    Str: 14    XL:     2   Next: 83%
Magic:  2/2        EV: 11    Int:  9    God:
Gold:   13         SH:  0    Dex: 13    Spells: 1/1 levels left

rFire   . . .        a - +0 shortbow
rCold   . . .        (shield currently unavailable)
rNeg    + . .        c - +0 leather armour
rPois   inf          (no helmet)
rElec   +            (no cloak)
rCorr   .            (no gloves)
SInv    .            (no boots)
Will    .....        (no amulet)
Stlth   +            (no ring)
HPRegen 0.22/turn    (no ring)
MPRegen 0.08/turn

%: no passive effects
@: no status effects
A: sickness immunity, AC +2, negative energy resistance 1, electricity
resistance, torment resistance 1, petrification resistance
a: no special abilities


You were on level 1 of the Dungeon.
You visited 1 branch of the dungeon, and saw 1 of its levels.

You collected 13 gold pieces.


Innate Abilities, Weirdness & Mutations

You are immune to sickness and miasma.
Your stone body is resilient. (AC +2)
You are immune to poison.
You resist negative energy. (rN+)
You are resistant to electric shocks. (rElec)
You are resistant to unholy torment.
You are immune to petrification.


   Skills:
 - Level 2.1 Fighting
 + Level 4.8 Ranged Weapons
 - Level 1.5 Dodging
 - Level 1.1 Stealth


You had one spell level left.
You didn't know any spells.
Your spell library was empty.

Inventory:

Hand Weapons
 a - a +0 shortbow (weapon)
Armour
 c - a +0 leather armour (worn)
 f - a +0 ring mail
 i - a +2 helmet
Scrolls
 b - a scroll of butterflies
 d - a scroll of identify {unknown}
 e - a scroll of blinking {unknown}
 g - a scroll of revelation {unknown}
 h - a scroll of amnesia {unknown}
 j - a scroll of enchant armour {unknown}
 l - a scroll of immolation {unknown}
Potions
 k - a potion of curing {unknown}

Dungeon Overview and Level Annotations

Branches:
Dungeon (1/15)

Altars:


Message History

The arrow hits the hobgoblin but does no damage.
The hobgoblin is lightly wounded.
A hobgoblin comes into view.
You shoot an arrow. The hobgoblin shouts!
The arrow hits the bat!
You kill the bat!
You shoot an arrow. The arrow barely misses the hobgoblin.
The endoplasm freezes you.
You are frozen.
The hobgoblin barely misses you.
You shoot an arrow.
The arrow completely misses the hobgoblin.
The hobgoblin barely misses you. The endoplasm freezes you.
You are frozen.
You shoot an arrow. The arrow closely misses the hobgoblin.
The arrow barely misses the kobold.
The hobgoblin misses you. The endoplasm freezes you.
You are frozen.
The endoplasm barely misses you.
The hobgoblin hits you but does no damage.
The kobold barely misses you.
You shoot an arrow. The arrow barely misses the hobgoblin.
The arrow hits the rat.
You kill the rat!
The hobgoblin barely misses you. The kobold completely misses you.
The endoplasm misses you.
You shoot an arrow. The arrow closely misses the hobgoblin.
The arrow barely misses the hobgoblin.
The hobgoblin hits you but does no damage.
The kobold barely misses you. The endoplasm hits you.
You shoot an arrow. The arrow closely misses the hobgoblin.
The arrow hits the hobgoblin.
You kill the hobgoblin!
The endoplasm freezes you.
You are frozen.
The kobold closely misses you. The hobgoblin misses you.
You shoot an arrow. The arrow closely misses the hobgoblin.
The endoplasm closely misses you.
The kobold hits you with a +0 short sword.
You die...

#..........#.############
#..##.####.#)#
######..##.# #.#.#
)..........####.#.#
###.##........#.#.#
###.######.##.#.#.#
..............).#.#####
[##.#########.###K....#
................@g....#
.##.#########.###J....#
.##.#########'## .....#
.#..##.........# .....#
.#.............# ....(#
...............# ...$.#
.##............# .....#
###....######### .....# #
#....#


You could see an endoplasm, a hobgoblin and a kobold.

Vanquished Creatures
  4 ball pythons (D:1)
  4 bats (D:1)
  2 hobgoblins (D:1)
  2 kobolds (D:1)
  A quokka (D:1)
  A frilled lizard (D:1)
  4 goblins (D:1)
  4 rats (D:1)
22 creatures vanquished.

Notes
Turn   | Place    | Note
-------+----------+-------------------------------------------
     0 | D:1      | qw the Gargoyle Hunter began the quest for the Orb.
     0 | D:1      | Reached XP level 1. HP: 12/12 MP: 1/1
     0 | D:1      | 0 ||| qw: Version: 0.2-a-29-gc1b59c4
     0 | D:1      | 0 ||| qw: Game counter: 4434
     0 | D:1      | 0 ||| qw: Always use a shield: true
     0 | D:1      | 0 ||| qw: God list: Okawaru
     0 | D:1      | 0 ||| qw: Allow faded altars: false
     0 | D:1      | 0 ||| qw: Do Orc after D:15 true
     0 | D:1      | 0 ||| qw: Do second Lair branch before Depths: true
     0 | D:1      | 0 ||| qw: Lair rune preference: random
     0 | D:1      | 0 ||| qw: Plans: Normal, Zot:1-4, Slime:5, God:TSO, Crypt,
                  | Tomb, Abyss, Pan, Hells, Win
     0 | D:1      | 0 ||| PLANNING D:1-11
   154 | D:1      | Reached XP level 2. HP: 17/17 MP: 2/2
   437 | D:1      | HP: 2/17 [frozen (5)]
   438 | D:1      | Slain by a kobold

Levels and vault maps discovered:
D:1:      evilmike_arrival_crescent, layout_basic

Action                     || total
---------------------------++-------
   Fire: Shortbow          ||    49
 Armour: Leather armour    ||     9
  Dodge: Dodged            ||    25

Table legend:
 A = Non-vault XP
 B = Vault XP
 C = Vault XP percentage of total XP
 D = Non-vault monster count
 E = Vault monster count
 F = Vault count percentage of total count
                 A         B        C        D         E       F
            +---------+---------+-------+---------+---------+-------
      Total |      30 |       0 |   0.0 |      22 |       0 |   0.0
            +---------+---------+-------+---------+---------+-------
        D:1 |      30 |       0 |   0.0 |      22 |       0 |   0.0
            +---------+---------+-------+---------+---------+-------
